Description

copy

Build Order

Get SALT Encoding   

  14  0:19  Supply Depot  
  15  0:41  Barracks  
  16  0:45  Refinery  1st Gaz
  20  1:27  Reaper  @reaper go for a reactor and prod marines 2 by 2
  20  1:45  Command Center  
  21  2:00  Barracks  
  22  2:12  Supply Depot  
  23  2:21  Engineering Bay  
  27  2:47  Barracks Tech Lab  @2nd Barrack - go for a tech lab for stim
  27  2:49  Terran Infantry Weapons Level 1  @ebay go for +1 atk
  31  3:09  Stimpack  put a lab tech on it for combat shield
  37  3:15  Barracks  
  42  3:30  Supply Depot  2nd gaz
  42  3:45  Refinery, Factory  
  54  3:56  Supply Depot  3th gaz
  60  4:21  Refinery  around 15 marines, combat shield is half, you go out and denied the B3
Spawning Tool Build Advisor. Get it on Overwolf

Go to:

Details

  • Created by: venipenny
  • Published on: Dec 19, 2017
  • Modified on: Dec 19, 2017
  • Patch: 4.0.0
Show
View Real Time Build Order
Export as new Build Order

Comments (0)

There are no comments. Be the first!

Create an account to comment!